 Dungeon Crawl Stone Soup version 0.22-a0-362-g535178c (webtiles) character file.

21 Amnesiac the Grave Robber (level 2, -1/20 HPs)
             Began as a Mummy Necromancer on Apr 19, 2018.
             Slain by a jackal (3 damage)
             ... on level 2 of the Dungeon.
             The game lasted 00:01:05 (369 turns).

Amnesiac the Grave Robber (Mummy Necromancer)        Turns: 369, Time: 00:01:06

Health: -1/20      AC:  3    Str: 11    XL:     2   Next: 62%
Magic:  6/6        EV: 12    Int: 14    God:
Gold:   16         SH:  0    Dex: 12    Spells: 6/7 levels left

rFire    x . .     SeeInvis .   c - +0 spear
rCold    + . .     Gourm    .   (no shield)
rNeg     + + +     Faith    .   a - +0 robe
rPois    ∞         Spirit   .   (no helmet)
rElec    .         Reflect  .   (no cloak)
rCorr    .         Harm     .   b - +0 pair of gloves
MR       .....                  (no boots)
Stlth    ++........             (no amulet)
HPRegen  0.06/turn              (no ring)
MPRegen  0.10/turn              (no ring)

@: no status effects
A: no food or potions, fire vulnerability, cold resistance 1, negative energy
resistance 3, torment resistance, unbreathing
a: no special abilities


You were on level 2 of the Dungeon.
You were not hungry.

You visited 1 branch of the dungeon, and saw 2 of its levels.

You collected 16 gold pieces.

Inventory:

Hand Weapons
 c - a +0 spear (weapon)
Armour
 a - a +0 robe (worn)
 b - a +0 pair of gloves (worn)
Scrolls
 d - a scroll of teleportation {!r, unknown}
 e - a scroll of identify {!r, unknown}


   Skills:
 + Level 0.8 Fighting
 * Level 2.1 Dodging
 - Level 1.5 Stealth
 - Level 3.0 Spellcasting
 + Level 4.1 Necromancy


You had 6 spell levels left.
You knew the following spells:

 Your Spells              Type           Power        Failure   Level  Hunger
a - Pain                  Necr           ##..         3%          1    N/A

Dungeon Overview and Level Annotations

Branches:
Dungeon (2/15)

Altars:
Nemelex Xobeh


Innate Abilities, Weirdness & Mutations

You do not eat or drink.
Your flesh is vulnerable to fire.
You are immune to poison.
Your flesh is cold resistant. (rC+)
You are immune to negative energy. (rN+++)
You are immune to unholy pain and torment.
You can survive without breathing.


Message History

The rat barely resists.
The rat bites you.
* * * LOW HITPOINT WARNING * * *
You hit the rat but do no damage. The rat barely misses you.
You hit the rat.
You kill the rat!
Casting: Pain (safe; 4% risk of failure)
Confirm with . or Enter, or press ? or * to list all spells.
Aiming: Pain (safe; 4% risk of failure)
Press: ? - help, Shift-Dir - straight line, f - goblin
Aim: a goblin, wielding a hand axe (chance to defeat MR: 83%)
The goblin writhes in agony!
You kill the goblin!
Unknown command.
You start resting.
Magic restored.
You start resting.
Magic restored.
Things that are here:
a hand axe; a goblin corpse You see here a goblin corpse.
You open the door.
There is an open door here.
e - a scroll labeled OKHESHAECK {!r} A rat comes into view.
Attack whom?
Press: ? - help, Dir - move target cursor, f - rat
Aim: a rat You reach to attack!
You barely miss the rat. You barely miss the rat. The rat bites you.
You hit the rat.
You kill the rat!
No target in view!
There is an open door here.
Found a ration.
You see here a ration.
You open the door.
Nemelex Xobeh says, "The prize could be yours... at the risk of your life!" "Beware!
This is a limited time offer!"
Found four items.
Found a sparkling altar of Nemelex Xobeh.
Found a transporter.
There is an open door here.
The bullfrog croaks.
The jackal barks!
There is a sparkling altar of Nemelex Xobeh here.
There is a transporter here.
Nemelex Xobeh says, "You lose!"
A transporter appears.
You enter the transporter and appear at another place.
The jackal misses you.
The bullfrog hits you. x2; The jackal barely misses you.
The jackal bites you but does no damage.
The bullfrog hits you. The jackal bites you.
* * * LOW HITPOINT WARNING * * *
There is a transporter here.
You enter the transporter and appear at another place.
The bullfrog hits you.
* * * LOW HITPOINT WARNING * * *
The jackal closely misses you. The bullfrog hits you.
* * * LOW HITPOINT WARNING * * *
The jackal bites you.
* * * LOW HITPOINT WARNING * * *
The jackal bites you.
You die...

####.####▓⌠...⌠▓
#.......#▓.....▓
#.#####.#▓©...©▓
#.# #.#▓.....▓
#%# #.#▓⌠...⌠▓
#.# #.#▓▓▓▓▓▓▓
#.# #.#.....§#
#.# #.'....F©#
#.# ###....@h#
###.# #▓▓▓▓▓▓▓
#...# ▓⌠...⌠▓
##...# ▓.$.(.▓
.....# ▓..8:.▓
..##.# ▓..?..▓
..##.# ▓⌠...⌠▓
..##.# ▓▓▓▓▓▓▓
..##.#


You could see a bullfrog and a jackal.

Vanquished Creatures
  An adder (D:2)
  A bat (D:2)
  A giant cockroach (D:2)
  4 goblins
  A hobgoblin (D:2)
  A frilled lizard (D:1)
  2 rats (D:2)
11 creatures vanquished.

Notes
Turn   | Place    | Note
-------+----------+-------------------------------------------
     0 | D:1      | Amnesiac the Mummy Necromancer began the quest for the Orb.
     0 | D:1      | Reached XP level 1. HP: 13/13 MP: 4/4
    91 | D:2      | Reached XP level 2. HP: 20/20 MP: 2/5
   355 | D:2      | Found a sparkling altar of Nemelex Xobeh.
   355 | D:2      | Found a transporter.
   356 | D:2      | Noticed a bullfrog
   369 | D:2      | Slain by a jackal

Vault maps used:
D:1:      giann_bridges, hangedman_decor_points
D:2:      first_ration, grunt_nemelex_the_gamble

Skill      XL: |  1  2 |
---------------+-------+-----
Dodging        | 2 |  2.1
Spellcasting   | 3 |  3.0
Fighting       | |  0.8
Stealth        | |  1.5
Necromancy     | |  4.1

Action                   || total
-------------------------++-------
Melee: Spear             ||    24
 Cast: Pain              ||    10
Armor: Robe              ||     4
Dodge: Dodged            ||    19

Table legend:
 A = Spawn XP
 B = Non-spawn XP
 C = Spawn XP percentage of total XP
 D = Spawn monster count
 E = Non-spawn monster count
 F = Spawn count percentage of total count
 G = Total turns spent on level
                    A         B        C        D         E        F      G
               +---------+---------+-------+---------+---------+-------+---------
         Total |       0 |      30 |   0.0 |       0 |      11 |   0.0 |   369
               +---------+---------+-------+---------+---------+-------+---------
           D:1 |       0 |       3 |   0.0 |       0 |       2 |   0.0 |    99
           D:2 |       0 |      27 |   0.0 |       0 |       9 |   0.0 |   270
               +---------+---------+-------+---------+---------+-------+---------
